 Dungeon Crawl Stone Soup version 0.29.0-4-gdea44cf6ec (webtiles) character file.

Game seed: 5105075653079486623

255 qw the Chopper (level 6, -5/35 HPs)
             Began as a Tengu Warper on Aug 28, 2022.
             Slain by Pargi (7 damage)
             ... on level 4 of the Dungeon.
             The game lasted 00:00:20 (3971 turns).

qw the Chopper (Tengu Warper)                       Turns: 3971, Time: 00:00:20

Health: -5/35      AC:  3    Str: 13    XL:     6   Next: 15%
Magic:  10/10      EV: 14    Int: 14    God:
Gold:   180        SH:  0    Dex: 13    Spells: 9/9 levels left

rFire   + . .      SeeInvis +   Y - +1 hand axe
rCold   + . .      Faith    .   (no shield)
rNeg    . . .      Spirit   .   b - +0 leather armour
rPois   .          Reflect  .   (helmet restricted)
rElec   .          Harm     .   a - scarf {rC+ rF+}
rCorr   .          Rampage  .   (no gloves)
Will    .....                   (boots unavailable)
Stlth   +.........              (no amulet)
HPRegen 0.11/turn               d - ring of see invisible
MPRegen 0.12/turn               (no ring)

@: flying quickly and evasively, quick
A: beak, talons 3, nimble flight
a: no special abilities


You were on level 4 of the Dungeon.
You visited 1 branch of the dungeon, and saw 4 of its levels.

You collected 180 gold pieces.


Innate Abilities, Weirdness & Mutations

You have a beak for a mouth.
You have claws for feet.
Your magical nature lets you fly swiftly and evasively.


   Skills:
 - Level 2.0 Fighting
 + Level 6.9 Axes
 - Level 1.0 Throwing
 - Level 1.1 Armour
 - Level 2.1 Dodging
 - Level 2.0 Spellcasting
 - Level 2.4 Translocations


You had 9 spell levels left.
You didn't know any spells.
Your spell library contained the following spells:

 Spells                   Type           Power      Damage    Failure   Level
 Blink                    Tloc           16%        N/A       17%         2
 Gell's Gravitas          Tloc           8%         N/A       34%         3
 Lesser Beckoning         Tloc           8%         N/A       34%         3
 Teleport Other           Tloc           8%         N/A       34%         3
 Manifold Assault         Tloc           8%         N/A       97%         5

Inventory:

Hand Weapons
 j - a +0 flail
 Y - a +1 hand axe (weapon)
Missiles
 k - a silver boomerang (quivered)
Armour
 a - a scarf of resistance (worn)
 b - a +0 leather armour (worn)
Jewellery
 d - a ring of see invisible (left hand)
Scrolls
 h - a scroll of identify
Potions
 c - a potion of curing {unknown}
 e - a potion of invisibility {unknown}
 f - a potion of heal wounds {unknown}
 i - a potion of berserk rage {unknown}
 l - a potion of might {unknown}

Dungeon Overview and Level Annotations

Branches:
Dungeon (4/15)
 Temple: D:4-7

Altars:
Yredelemnul

Annotations:
D:4 Pargi


Message History

Your peck misses the orc priest.
The orc priest is almost dead.
You hit the orc. x2
The orc misses you. The orc barely misses you.
The orc priest miscasts a cantrip.
You hit the orc priest.
You kill the orc priest!
You hit the orc but do no damage. You hit the orc. The orc barely misses you.
The orc hits you with a +0 club.
You have reached level 6!
You hit the orc.
You kill the orc!
You closely miss the orc. You closely miss Pargi. You hit the orc.
The orc hits you but does no damage. x2; Pargi bites you.
Pargi claws you but does no damage. Pargi claws you.
You hit the orc but do no damage. You claw the orc, but do no damage.
Your peck misses the orc.
The orc is almost dead.
You hit the orc. You barely miss Pargi. The orc closely misses you.
The orc misses you. Pargi bites you! Pargi claws you. x2
You hit the orc.
You kill the orc!
You barely miss the orc. You hit the orc. You hit Pargi but do no damage.
The orc barely misses you. x2; Pargi barely misses you.
Pargi claws you. x2
You closely miss the orc. Your kick misses the orc.
The orc is severely wounded.
You closely miss the orc. You closely miss Pargi. The orc barely misses you.
The orc closely misses you. Pargi bites you but does no damage.
Pargi closely misses you. Pargi claws you.
You hit the orc. Your kick misses the orc.
The orc is severely wounded.
You hit the orc. You hit Pargi. The orc barely misses you.
The orc hits you but does no damage.
Pargi barely misses you. x2; Pargi claws you.
You hit the orc.
You kill the orc!
You hit the orc. You closely miss Pargi. Pargi bites you!
You die...

........
..................
.......... ......# # #
.........#. .....#.# .#
.........#.##....#.# ...
.........#.......#.#....
........####............
...........+....)o......
####.......#....@T......
'.......)..+.....)...#'#
####.......#........##
.....#..............#
####.#.############.#
.........%...... .#
####.#.#........ #
#.#<..#######
#.#.#......


You could see Pargi and an orc.

Vanquished Creatures
  An orc priest (D:4)
  Jessica (D:1)
  Natasha (thrice) (D:2)
  A gnoll (D:1)
  3 adders
  An ufetubus (D:2)
  4 worms
  4 dart slugs
  4 orcs
  6 bats
  4 endoplasms
  4 giant cockroaches
  6 hobgoblins
  7 jackals (D:2)
  A quokka (D:1)
  5 ball pythons
  2 frilled lizards
  3 goblins
  5 kobolds
  3 rats
68 creatures vanquished.

Notes
Turn   | Place    | Note
-------+----------+-------------------------------------------
     0 | D:1      | qw the Tengu Warper began the quest for the Orb.
     0 | D:1      | Reached XP level 1. HP: 12/12 MP: 4/4
     0 | D:1      | 0 ||| qw: Version: 0.1-a-89-g26bdef1
     0 | D:1      | 0 ||| qw: Game counter: 1035
     0 | D:1      | 0 ||| qw: Always use a shield: true
     0 | D:1      | 0 ||| qw: God list: Okawaru
     0 | D:1      | 0 ||| qw: Allow faded altars: false
     0 | D:1      | 0 ||| qw: Do Orc after D:15 true
     0 | D:1      | 0 ||| qw: Do second Lair branch before Depths: true
     0 | D:1      | 0 ||| qw: Lair rune preference: random
     0 | D:1      | 0 ||| qw: Plans: Normal
     0 | D:1      | 0 ||| PLANNING D:1-11
    25 | D:1      | 25 ||| Stepping ~*~*~tactically~*~*~ (stealth).
    45 | D:1      | 45 ||| Stepping ~*~*~tactically~*~*~ (stealth).
    61 | D:1      | 61 ||| Stepping ~*~*~tactically~*~*~ (hiding).
   115 | D:1      | 115 ||| Stepping ~*~*~tactically~*~*~ (stealth).
   328 | D:1      | Reached skill level 3 in Axes
   328 | D:1      | Reached XP level 2. HP: 13/17 MP: 6/6
   628 | D:1      | Found a faded altar of an unknown god.
   794 | D:1      | Reached XP level 3. HP: 21/21 MP: 7/7
  1211 | D:1      | 1211 ||| Stepping ~*~*~tactically~*~*~ (stealth).
  1435 | D:1      | 1435 ||| UPGRADING to ring of see invisible.
  1436 | D:1      | 1436 ||| READING scroll labelled TARONE ECOTIEN.
  1437 | D:1      | 1437 ||| READING scroll labelled UXUOCE KULEZOLL.
  1438 | D:1      | 1438 ||| DROPPING scroll of blinking.
  1483 | D:2      | Noticed Jessica
  1484 | D:2      | 1484 ||| STAIRDANCE
  1491 | D:1      | HP: 5/21 [Jessica/+0 dagger (4)]
  1493 | D:1      | Killed Jessica
  1494 | D:1      | Reached skill level 4 in Axes
  1711 | D:2      | Reached XP level 4. HP: 26/26 MP: 8/8
  1725 | D:2      | Noticed Natasha
  1728 | D:2      | Killed Natasha
  1729 | D:2      | Reached skill level 5 in Axes
  1823 | D:2      | Noticed Natasha
  1824 | D:2      | 1824 ||| FLEEEEING.
  1825 | D:2      | 1825 ||| FLEEEEING.
  1836 | D:2      | Killed Natasha
  1837 | D:2      | Gained mutation: Your magical nature lets you fly swiftly
                  | and evasively. [Tengu growth]
  1837 | D:2      | Reached XP level 5. HP: 19/30 MP: 9/9
  1995 | D:2      | 1995 ||| Stepping ~*~*~tactically~*~*~ (stealth).
  1997 | D:2      | 1997 ||| Stepping ~*~*~tactically~*~*~ (stealth).
  2404 | D:2      | Found a basalt altar of Yredelemnul.
  2415 | D:2      | 2415 ||| Stepping ~*~*~tactically~*~*~ (stealth).
  2514 | D:2      | Noticed Natasha
  2515 | D:2      | 2515 ||| Stepping ~*~*~tactically~*~*~ (stealth).
  2519 | D:2      | Killed Natasha
  2520 | D:2      | Reached skill level 6 in Axes
  2745 | D:2      | 2745 ||| READING scroll labelled DUUMUT NAOKLE.
  2746 | D:2      | 2746 ||| DRINKING 3 clear potions.
  2783 | D:2      | 2783 ||| DRINKING 2 pink potions.
  2784 | D:2      | 2784 ||| DRINKING 2 glowing clear potions.
  2785 | D:2      | 2785 ||| DROPPING 2 potions of lignification.
  2786 | D:2      | 2786 ||| DROPPING potion of flight.
  2787 | D:2      | 2787 ||| DROPPING potion of brilliance.
  2983 | D:3      | 2983 ||| DROPPING +0 whip.
  3119 | D:3      | 3119 ||| Stepping ~*~*~tactically~*~*~ (hiding).
  3221 | D:3      | 3221 ||| Stepping ~*~*~tactically~*~*~ (hiding).
  3685 | D:3      | 3685 ||| UPGRADING to scarf of resistance.
  3690 | D:3      | 3690 ||| READING scroll labelled GYTEYC EFAL JEDOU.
  3695 | D:3      | 3695 ||| READING scroll labelled JOHEDGH CA OKH.
  3714 | D:4      | 3714 ||| Stepping ~*~*~tactically~*~*~ (hiding).
  3959 | D:4      | Noticed Pargi
  3966 | D:4      | Reached XP level 6. HP: 28/35 MP: 10/10
  3968 | D:4      | HP: 7/35 [Pargi (4)]
  3969 | D:4      | HP: 2/35 [Pargi (2)]
  3971 | D:4      | Slain by Pargi

Levels and vault maps discovered:
D:1:      roderic_octagonal_star, layout_loops_corners,
          hellmonk_ecumenical_altar_arch_garden
D:2:      layout_basic, basic_altar, nrook_uturn, supply_closet_lemuel,
          uniq_jessica, uniq_natasha
D:3:      layout_basic
D:4:      layout_basic, tso_oasis_becter, serial_shops, nicolae_shop_crystal,
          ebering_ghost_disaster_area, moated_statue, uniq_eustachio, uniq_ijyb,
          uniq_pargi, uniq_crazy_yiuf_cottage

Skill      XL: |  1  2  3  4  5 |
---------------+----------------+-----
Axes           | 3 4 5 6 |  6.9
Fighting       | |  2.0
Throwing       | |  1.0
Armour         | |  1.1
Dodging        | |  2.1
Spellcasting   | |  2.0
Translocations | |  2.4

Action                   |  1- 3 |  4- 6 || total
-------------------------+-------+-------++-------
Melee: Hand axe          |    44 |   104 ||   148
       Peck              |     8 |    14 ||    22
       Kick              |    13 |    20 ||    33
       Punch             |       |     1 ||     1
Throw: Boomerang         |     7 |    34 ||    41
  Use: Scroll            |     2 |     3 ||     5
       Potion            |       |     3 ||     3
Armor: Leather armour    |     6 |    30 ||    36
Dodge: Dodged            |    23 |    72 ||    95

Table legend:
 A = Non-vault XP
 B = Vault XP
 C = Vault XP percentage of total XP
 D = Non-vault monster count
 E = Vault monster count
 F = Vault count percentage of total count
                 A         B        C        D         E       F
            +---------+---------+-------+---------+---------+-------
      Total |     296 |      72 |  19.6 |      66 |       2 |   2.9
            +---------+---------+-------+---------+---------+-------
        D:1 |      44 |      37 |  45.7 |      16 |       1 |   5.9
        D:2 |     143 |      35 |  19.7 |      26 |       1 |   3.7
        D:3 |      49 |       0 |   0.0 |      16 |       0 |   0.0
        D:4 |      60 |       0 |   0.0 |       8 |       0 |   0.0
            +---------+---------+-------+---------+---------+-------
